 Seeded DCSS version 0.28-a0-1567-g1695149f81 (webtiles) character file.

Game seed: 1282 (custom seed)

37 knot the Chopper (level 3, 0/43 HPs)
             Began as a Demonspawn Berserker on Jan 20, 2022.
             Was a Believer of Trog.
             Slain by an iguana (11 damage)
             ... on level 4 of the Dungeon.
             The game lasted 00:00:40 (1391 turns).

knot the Chopper (Demonspawn Berserker)             Turns: 1391, Time: 00:00:42

Health: 0/43       AC:  2    Str: 17    XL:     3   Next: 21%
Magic:  3/3        EV: 12    Int: 10    God:    Trog [**....]
Gold:   18         SH:  0    Dex: 12    Spells: 2/2 levels left

rFire   . . .      SeeInvis .   a - +0 hand axe
rCold   . . .      Faith    .   (no shield)
rNeg    . . .      Spirit   .   b - +0 animal skin
rPois   .          Reflect  .   (no helmet)
rElec   .          Harm     .   (no cloak)
rCorr   .          Rampage  .   (no gloves)
Will    .....                   (no boots)
Stlth   ..........              (no amulet)
HPRegen 0.14/turn               (no ring)
MPRegen 0.08/turn               (no ring)

@: berserking, very quick
A: demonic touch 1
a: Renounce Religion, Berserk, Trog's Hand


You were on level 4 of the Dungeon.
You worshipped Trog.
Trog was pleased with you.
You visited 1 branch of the dungeon, and saw 3 of its levels.

You collected 18 gold pieces.

Inventory:

Hand Weapons
 a - a +0 hand axe (weapon)
Missiles
 c - 59 stones (quivered)
Armour
 b - a +0 animal skin (worn)
Jewellery
 e - a +4 ring of protection
Scrolls
 d - a scroll of teleportation {unknown}
Potions
 f - a potion of might {unknown}
 g - a potion of attraction {unknown}
 h - 2 potions of heal wounds {unknown}
 i - a potion of lignification {unknown}


   Skills:
 - Level 3.0 Fighting
 + Level 4.0 Axes
 - Level 1.7 Armour
 - Level 1.7 Dodging


You had 2 spell levels left.
You didn't know any spells.
Your spell library was empty.

Dungeon Overview and Level Annotations

Branches:
Dungeon (2/15)

Altars:


Innate Abilities, Weirdness & Mutations

Your touch may inflict minor irresistible damage on your foes.


Message History

You feel clever. x2
HP restored.
i - a fizzy green potion No target in view!
A giant cockroach comes into view.
Found a robe.
The giant cockroach closely misses you.
You closely miss the giant cockroach. The giant cockroach barely misses you.
A giant cockroach is nearby!
You slash the giant cockroach!
You kill the giant cockroach!
Trog accepts your kill.
Your Axes skill increases to level 4!
No target in view!
No target in view!
No target in view!
You see here a +0 robe.
An endoplasm comes into view.
The endoplasm quivers.
The endoplasm moves out of view.
No target in view!
An iguana comes into view.
There are monsters nearby!
You hit the iguana.
You touch the iguana.
The iguana is heavily wounded.
The iguana bites you.
You hit the iguana but do no damage.
The iguana is heavily wounded.
You hit the endoplasm. The endoplasm closely misses you. The iguana bites you.
You closely miss the iguana. Your touch misses the iguana.
The iguana is heavily wounded.
You hit the endoplasm but do no damage. The endoplasm freezes you.
You are frozen.
The iguana bites you!
* * * LOW HITPOINT WARNING * * *
You are too injured to fight recklessly!
You are too injured to fight recklessly!
A red film seems to cover your vision as you go berserk!
You feel yourself moving faster!
You feel mighty! The endoplasm barely misses you. The iguana bites you!
You die...

#.###.###.#######^#.
#.........# #####.
#.######### .....
#..# .... ##.# ...
#.# .. #.# .# # #[#
##l#.# #.# ##@J..#
#.#######.....###
#.................
#########......###
##...#.# ##......
#######


You could see an iguana and an endoplasm.

Vanquished Creatures
  A hound skeleton (D:4)
  2 bats
  2 endoplasms
  2 giant cockroaches
  A goblin (D:1)
  2 hobgoblins (D:1)
  5 kobolds
  3 ball pythons (D:1)
  3 frilled lizards (D:1)
  3 rats (D:1)
24 creatures vanquished.

Notes
Turn   | Place    | Note
-------+----------+-------------------------------------------
     0 | D:1      | knot the Demonspawn Berserker began the quest for the Orb.
     0 | D:1      | Reached XP level 1. HP: 18/18 MP: 1/1
    26 | D:1      | Found a faded altar of an unknown god.
    28 | D:1      | Noticed an eye of devastation
    28 | D:1      | Noticed a shining eye
    30 | D:1      | Noticed a floating eye
    30 | D:1      | Noticed a great orb of eyes
   482 | D:1      | Reached skill level 3 in Axes
   647 | D:1      | Gained mutation: Your touch may inflict minor irresistible
                  | damage on your foes. [demonic ancestry]
   647 | D:1      | Reached XP level 2. HP: 24/24 MP: 2/2
  1279 | D:2      | Reached ** piety under Trog
  1319 | D:2      | You fall into a shaft and drop 2 floors!
  1336 | D:4      | Reached XP level 3. HP: 27/29 MP: 3/3
  1368 | D:4      | Reached skill level 4 in Axes
  1391 | D:4      | Slain by an iguana

Illustrated notes

Levels and vault maps discovered:
D:1:      lemuel_arrival_tunnels, layout_loops_ring,
          hellmonk_ecumenical_altar_watching_god, due_unseen_surprise
D:2:      layout_rooms, minmay_tromino_v7
D:4:      layout_loops_ring, nicolae_overflow_hidden_temple, serial_park_tiny_1,
          kennysheep_generic_room_12, uniq_ijyb, uniq_sigmund,
          uniq_blork_the_orc, uniq_crazy_yiuf_cottage

Skill      XL: |  1  2  3 |
---------------+----------+-----
Axes           | 3 4 |  4.0
Fighting       | |  3.0
Armour         | |  1.7
Dodging        | |  1.7

Action                   || total
-------------------------++-------
Melee: Hand axe          ||    59
       Touch             ||     9
       Punch             ||     1
Invok: Berserk           ||     1
 Stab: Sleeping          ||     1
Armor: Animal skin       ||    12
Dodge: Dodged            ||    43

Table legend: (Time is in decaauts)
 A = Elapsed time spent in this place.
 B = Non-inter-level travel time spent in this place.
 C = Inter-level travel time spent in this place.
 D = Time resting spent in this place.
 E = Time spent auto-exploring this place.
 F = Levels seen in this place.
 G = Mean time per level.
                   A        B        C        D        E       F      G
               +--------+--------+--------+--------+--------+-----+--------+
         Total |   1398 |   1353 |     45 |    336 |    848 |   3 |  466.0 |
       Dungeon |   1398 |   1353 |     45 |    336 |    848 |   3 |  466.0 |
               +--------+--------+--------+--------+--------+-----+--------+

Top non-repeatable levels by time:
     D:1: 1277 daAuts
     D:4: 73 daAuts
     D:2: 48 daAuts
